 Dungeon Crawl Stone Soup version 0.27.1-16-g815e20cd7a (webtiles) character file.

Game seed: 18205161219328747413

50 Descartes the Sneak (level 3, -1/17 HPs)
             Began as a Felid Delver on Nov 22, 2021.
             Slain by a sky beast (6 damage)
             ... on level 5 of the Dungeon.
             The game lasted 00:01:35 (461 turns).

Descartes the Sneak (Felid Delver)                   Turns: 461, Time: 00:01:35

Health: -1/17      AC:  1    Str:  9    XL:     3   Next: 55%
Magic:  4/4        EV: 18    Int: 11    God:
Gold:   0          SH:  0    Dex: 17    Spells: 2/2 levels left
                                        Lives:  0   Deaths: 0

rFire    . . .     SeeInvis +     - Unarmed
rCold    . . .     Faith    .   (shield unavailable)
rNeg     . . .     Spirit   .   (armour unavailable)
rPois    .         Reflect  .   (helmet unavailable)
rElec    .         Harm     .   (cloak unavailable)
rCorr    .         Rampage  .   (gloves unavailable)
Will     .....                  (boots unavailable)
Stlth    ++++......             (no amulet)
HPRegen  0.05/turn              (no ring)
MPRegen  0.09/turn              (no ring)

@: quick
A: very small, claws 1, fangs 3, see invisible, speed 1, shaggy fur 1, stealthy
paws, no weapons or thrown items, no armour, multi-lived
a: no special abilities


You were on level 5 of the Dungeon.
You visited 1 branch of the dungeon, and saw 2 of its levels.

Inventory:

Wands
 e - a wand of digging (3)
 f - a wand of flame (25)
Scrolls
 a - 2 scrolls of fog
 b - a scroll of magic mapping
 c - a scroll of fear
Potions
 d - a potion of haste


   Skills:
 - Level 3.0 Fighting
 + Level 3.7 Dodging
 * Level 7.8 Stealth
 - Level 2.0 Unarmed Combat


You had 2 spell levels left.
You didn't know any spells.
Your spell library was empty.

Dungeon Overview and Level Annotations

Branches:
Dungeon (5/15)
 Temple: D:4-7

Altars:


Innate Abilities, Weirdness & Mutations

You have sharp claws.
You have razor-sharp teeth.
You have supernaturally acute eyesight. (SInv)
You cover ground quickly. (Speed+)
You are covered in fur. (AC +1)
Your paws help you pounce on unaware monsters.
You are incapable of wielding weapons or throwing items.
You cannot wear armour.
You gain extra lives every three experience levels.


Message History

A quokka comes into view.
You pounce on the unaware helpless adder!
You mangle the adder!!
You kill the adder!
The quokka barely misses you.
You scratch the quokka.
The quokka is moderately wounded.
The quokka misses you.
You barely miss the quokka.
The quokka is moderately wounded.
The quokka closely misses you.
You scratch the quokka.
The quokka is almost dead.
The quokka bites you.
You scratch the quokka.
You kill the quokka!
No target in view!
A centaur skeleton comes into view.
A centaur skeleton is nearby!
You miss the sky beast.
You bite the sky beast, but do no damage.
The sky beast completely misses you.
You scratch the sky beast.
You bite the sky beast, but do no damage.
The sky beast is lightly wounded.
The sky beast misses you. The necrophage barely misses you.
The sky beast flickers out of sight for a moment.
You scratch the sky beast.
The sky beast is lightly wounded.
The sky beast hits you but does no damage.
You closely miss the sky beast. Your bite misses the sky beast.
The sky beast is lightly wounded.
The sky beast hits you. The sky beast shocks you.
You scratch the sky beast.
The sky beast is lightly wounded.
The sky beast hits you.
* * * LOW HITPOINT WARNING * * *
The sky beast shocks you.
You die...

#.........### #.....###
#...>.......# ##......###
#...........# ##.......#.###
#.8...8..#..###...##.#.....#
#.......##......#.######...##
##.....#..........######....#
##...........<.#.....##.#..#.#
#..####........##..####....#.###
..## ###.....nY@.######...#...##
..# ##....#######.##........# .<#
## #..### ##...##........ ### ...
#...# #.....#........ ## ..#
#.......# #.....#÷÷......
.##..#............#.....÷...##...
..........###....###...########..
.......... #..## ##†##### ##..
.#.#...... #.# ####..# #...


You could see a sky beast (invisible) and a necrophage.

Vanquished Creatures
  A hound (D:5)
  An adder (D:5)
  An adder skeleton (D:5)
  A quokka (D:5)
  8 bats (D:5)
12 creatures vanquished.

Notes
Turn   | Place    | Note
-------+----------+-------------------------------------------
     0 | D:5      | Descartes the Felid Delver began the quest for the Orb.
     0 | D:5      | Reached XP level 1. HP: 10/10 MP: 2/2
    14 | D:5      | Noticed a sky beast
    79 | D:5      | Noticed a sky beast
    99 | D:5      | Noticed a necrophage
   107 | D:5      | Noticed a hound
   112 | D:5      | Killed a hound
   113 | D:5      | Reached skill level 7 in Stealth
   113 | D:5      | Reached XP level 2. HP: 14/14 MP: 3/3
   113 | D:5      | Reached XP level 3. HP: 17/17 MP: 4/4
   461 | D:5      | Slain by a sky beast

Illustrated notes

Levels and vault maps discovered:
D:4:      layout_loops_ring, mainiacjoe_overflow_boulevard, dk_rats_in_the_wall
D:5:      layout_cave_pools, minmay_temple_entry_crystal_x, roderic_batcave,
          grunt_ministairs_1

Skill      XL: |  1 |
---------------+----+-----
Dodging        | 3 |  3.7
Stealth        | 7 |  7.8
Fighting       | |  3.0
Unarmed Combat | |  2.0

Action                   || total
-------------------------++-------
Melee: Unarmed           ||    40
       Bite              ||     3
 Stab: Sleeping          ||     5
Armor: Skin              ||    11
Dodge: Dodged            ||    50
